 Dungeon Crawl Stone Soup version 0.31-a0-675-g238779eb0a (webtiles) character file.

Game seed: 15662597093615717657

4 lunkers the Ruffian (level 2, -1/23 HPs)
             Began as a Meteoran Shapeshifter on Sept 5, 2023.
             Slain by a giant cockroach (2 damage)
             ... on level 1 of the Dungeon.
             The game lasted 00:00:29 (130 turns).

lunkers the Ruffian (Meteoran Shapeshifter)          Turns: 130, Time: 00:00:30

Health: -1/23      AC:  2    Str: 15    XL:     2   Next: 0%
Magic:  3/3        EV: 12    Int: 11    God:
Gold:   9          SH:  0    Dex: 13    Spells: 1/1 levels left

rFire   . .          .
                       - Unarmed
rCold   . . .        (no shield)
rNeg    . . .        a - +0 animal skin
rPois   .            (helmet currently unavailable)
rElec   .            (cloak currently unavailable)
rCorr   .            (gloves currently unavailable)
SInv    .            (boots currently unavailable)
Will    .....        (no amulet)
Stlth   +            (no ring)
HPRegen 0.23/turn    (no ring)
MPRegen 0.08/turn

%: no passive effects
@: beast-form, glowing
A: beast (slay +2), sense surroundings 1, otherworldly, glowing, explore regen
a: Begin Untransformation


You were on level 1 of the Dungeon.
You were a hulking beast.
You visited 1 branch of the dungeon, and saw 1 of its levels.

You collected 9 gold pieces.

Inventory:

Armour
 a - a +0 animal skin (worn)
 g - a +1 pair of boots
Talismans
 c - a beast talisman (active)
 d - a flux talisman
Scrolls
 f - a scroll of identify {unknown}
Potions
 b - a potion of lignification
 e - a potion of might {unknown}


   Skills:
 - Level 1.1 Fighting
 - Level 2.1 Dodging
 * Level 3.9 Unarmed Combat
 + Level 3.7 Shapeshifting


You had one spell level left.
You didn't know any spells.
Your spell library contained the following spells:

 Spells                   Type           Power      Damage    Failure   Level
 Kiss of Death            Conj/Necr      0%         2d5       34%         1
 Confusing Touch          Hex            0%         N/A       71%         3
 Dispel Undead            Necr           0%         3d6       98%         4


Dungeon Overview and Level Annotations

Branches:
Dungeon (1/15) Zot: 470

Altars:


Innate Abilities, Weirdness & Mutations

You are a hulking beast.
Your limbs bulge with bestial killing power. (Slay +2)
You passively map a small area around you.
You are easily found by Zot.
You glow in the dark.
You regain HP and MP as you explore.


Message History

The hobgoblin shouts!
The jackal barely misses you. The jackal bites you.
* * * LOW HITPOINT WARNING * * *
The jackal attacks as it pursues you! The jackal barely misses you.
You hit the jackal.
The jackal is moderately wounded.
The jackal barely misses you.
You hit the jackal but do no damage.
The jackal is moderately wounded.
The jackal misses you.
A goblin comes into view. It is wielding a +0 club.
You closely miss the jackal.
The goblin shouts!
The jackal misses you.
You hit the jackal.
You kill the jackal!
The jackal barely misses you.
You have reached level 2!
The goblin hits you but does no damage.
Found a stone staircase leading down.
The goblin hits you with a +0 club.
* * * LOW HITPOINT WARNING * * *
A giant cockroach comes into view.
Found 5 gold pieces.
The jackal attacks as it pursues you! The jackal barely misses you.
The goblin misses you. The jackal misses you.
You closely miss the giant cockroach. The giant cockroach barely misses you.
The goblin hits you with a +0 club.
* * * LOW HITPOINT WARNING * * *
The giant cockroach completely misses you.
You hit the giant cockroach.
The giant cockroach is moderately wounded.
The goblin hits you with a +0 club.
* * * LOW HITPOINT WARNING * * *
The giant cockroach closely misses you.
You hit the giant cockroach.
The giant cockroach is moderately wounded.
The goblin hits you with a +0 club.
* * * LOW HITPOINT WARNING * * *
The giant cockroach bites you.
You die...

. #..# ...#, * #.#.#..#
....#,#.# ,
..#.#..#.....#,#.#
....#..#.....#,#.# , ,
#......#.....# #.#
#.#..........#.#.#
#.#.#..#.......#.#, , ,
#.#....#.....# #B#
..###..#...#.###h#
...........#..##g# ,,
...........##..hh###
..........g.h.g.J..# *
.#.........######..# ,
.#....................,
,
.#...............#..#..
*
##........######..#....*
#........# , ..>$ *


You could see an endoplasm, 2 jackals, a giant cockroach, a hobgoblin and a
goblin.

Vanquished Creatures
  An endoplasm (D:1)
  A jackal (D:1)
  2 bats (D:1)
  A kobold (D:1)
5 creatures vanquished.

Notes
Turn   | Place    | Note
-------+----------+-------------------------------------------
     0 | D:1      | lunkers the Meteoran Shapeshifter began the quest for the
                  | Orb.
     0 | D:1      | Reached XP level 1. HP: 16/16 MP: 2/2
   123 | D:1      | Reached XP level 2. HP: 9/23 MP: 3/3
   130 | D:1      | HP: 1/23 [goblin/+0 club (3)]
   130 | D:1      | Slain by a giant cockroach

Illustrated notes

Levels and vault maps discovered:
D:1:      shiori_arrival_oz, layout_basic

Action                     || total
---------------------------++-------
  Melee: Unarmed           ||    19
         Punch             ||     1
 Armour: Animal skin       ||    20
  Dodge: Dodged            ||    26

Table legend: (Time is in decaauts)
 A = Elapsed time spent in this place.
 B = Non-inter-level travel time spent in this place.
 C = Inter-level travel time spent in this place.
 D = Time resting spent in this place.
 E = Time spent auto-exploring this place.
 F = Levels seen in this place.
 G = Mean time per level.
                   A        B        C        D        E       F      G
               +--------+--------+--------+--------+--------+-----+--------+
         Total |    128 |    128 |      0 |      0 |     69 |   1 |  128.0 |
       Dungeon |    128 |    128 |      0 |      0 |     69 |   1 |  128.0 |
               +--------+--------+--------+--------+--------+-----+--------+

Top non-repeatable levels by time:
     D:1: 128 daAuts
